 Dungeon Crawl Stone Soup version 0.29.1-12-g30fa7ad0bf (webtiles) character file.

Game seed: 18380851615747437209

15 H0rd4k the Charlatan (level 2, 0/19 HPs)
             Began as an Octopode Artificer on Dec 23, 2022.
             Slain by a jackal (2 damage)
             ... on level 1 of the Dungeon.
             The game lasted 00:00:28 (393 turns).

H0rd4k the Charlatan (Octopode Artificer)            Turns: 393, Time: 00:00:28

Health: 0/19       AC:  1    Str: 11    XL:     2   Next: 50%
Magic:  3/3        EV: 10    Int: 13    God:
Gold:   51         SH:  0    Dex: 12    Spells: 2/2 levels left

rFire   . . .      SeeInvis .   (no weapon)
rCold   . . .      Faith    .   (no shield)
rNeg    . . .      Spirit   .   (helmet restricted)
rPois   .          Reflect  .   (no amulet)
rElec   .          Harm     .   (no ring)
rCorr   .          Rampage  .   (no ring)
Will    .....                   (no ring)
Stlth   +++.......              (no ring)
HPRegen 0.06/turn               (no ring)
MPRegen 0.08/turn               (no ring)
                                (no ring)
                                (no ring)

@: constricted
A: almost no armour, amphibious, 8 rings, camouflage 1, gelatinous body 1,
(nimble swimmer 1), tentacles
a: no special abilities


You were on level 1 of the Dungeon.
You visited 1 branch of the dungeon, and saw 1 of its levels.

You collected 51 gold pieces.

Inventory:

Wands
 b - a wand of flame (15) (quivered)
 c - a wand of charming (13)
 d - a wand of iceblast (5)


   Skills:
 * Level 2.0 Fighting
 - Level 2.3 Dodging
 - Level 1.3 Stealth
 + Level 0.2 Unarmed Combat
 * Level 0.9 Spellcasting
 - Level 3.2 Evocations


You had 2 spell levels left.
You didn't know any spells.
Your spell library was empty.

Dungeon Overview and Level Annotations

Branches:
Dungeon (1/15)

Altars:


Innate Abilities, Weirdness & Mutations

You cannot wear most types of armour.
You are amphibious.
You can wear up to eight rings at the same time.
Your skin changes colour to match your surroundings (Stealth+).
Your rubbery body absorbs attacks. (AC +1, EV +1)
((You are camouflaged when in or above water. (Stealth+)))
You have tentacles for arms and can constrict up to eight enemies at once.


Message History

The jackal bites you. The jackal misses you.
You closely miss the jackal. Your grab misses the jackal.
The jackal closely misses you. The jackal barely misses you.
The jackal bites you.
The jackal bites you but does no damage.
The jackal barely misses you. The jackal closely misses you.
You tentacle-slap the jackal. Your grab misses the jackal.
The jackal is severely wounded.
The jackal bites you. x2; The jackal barely misses you.
An endoplasm comes into view.
The endoplasm quivers.
You tentacle-slap the jackal but do no damage.
Your grab misses the jackal.
The jackal is severely wounded.
The jackal bites you. The jackal misses you. The jackal barely misses you.
The endoplasm jiggles.
The jackal barely misses you. The jackal bites you.
The jackal closely misses you. The jackal attacks as you move away!
The jackal bites you.
* * * LOW HITPOINT WARNING * * *
The jackal bites you but does no damage.
The ball python barely misses you. The ball python closely misses you.
You are too injured to fight recklessly!
Aiming: Charm
Press: ? - help, Shift-Dir - straight line, f - jackal
Aim: a jackal (chance to affect: 73%)
The jackal struggles to resist.
The jackal barely misses you.
The ball python bites you but does no damage.
The ball python grabs you. The ball python constricts you.
* * * LOW HITPOINT WARNING * * *
Aiming: Charm
Press: ? - help, Shift-Dir - straight line, f/p - jackal
Aim: a jackal (chance to affect: 73%)
The jackal is charmed.
The jackal misses your jackal. The quokka barely misses your jackal.
The ball python closely misses you. The ball python constricts you.
* * * LOW HITPOINT WARNING * * *
The jackal bites your jackal but does no damage.
The jackal bites you.
You die...

...................
###.............##..##..
.................#....#..
......$..........#.#.....
..........#........##....
......... #......>.......
........###..............
......r..................
...J..hh@................
.......Sh................
.......................^.
.........................
....................##
....................#
.....##....#########
##### ######


You could see an endoplasm, a quokka, 2 jackals, a ball python and a friendly
jackal (charmed).

Vanquished Creatures
  2 ball pythons (D:1)
  2 bats (D:1)
  2 endoplasms (D:1)
  A giant cockroach (D:1)
  A jackal (D:1)
  A kobold (D:1)
  2 frilled lizards (D:1)
  A goblin (D:1)
  A rat (D:1)
13 creatures vanquished.

Notes
Turn   | Place    | Note
-------+----------+-------------------------------------------
     0 | D:1      | H0rd4k the Octopode Artificer began the quest for the Orb.
     0 | D:1      | Reached XP level 1. HP: 13/13 MP: 1/1
   141 | D:1      | Reached XP level 2. HP: 14/19 MP: 2/2
   393 | D:1      | Slain by a jackal

Illustrated notes

Levels and vault maps discovered:
D:1:      dpeg_arrival_shrine, layout_basic, minmay_tromino_v2

Skill      XL: |  1  2 |
---------------+-------+-----
Fighting       | 2 |  2.0
Dodging        | |  2.3
Stealth        | |  1.3
Unarmed Combat | |  0.2
Spellcasting   | |  0.9
Evocations     | |  3.2

Action                   || total
-------------------------++-------
Melee: Unarmed           ||    31
       Constrict         ||     8
       Tentacles         ||    10
Evoke: Wand              ||     2
 Stab: Sleeping          ||     4
Armor: Skin              ||     9
Dodge: Dodged            ||    33
